Map: Nightshade LE

Players

SpeCial - Winner!

  • Race: Terran Terran
  • Spawn Location: 5:00

Namshar

  • Race: Zerg Zerg
  • Spawn Location: 11:00

Event: IEM Katowice 2020

VOD

Have the link to the VOD?

Description

Time

  • Played on: Feb. 25, 2020, 5:30 a.m.
  • Length: 9:32

All games in this series

Show
View Real Time Build Order
Export as new Build Order

SpeCial Terran - Winner!

Build Orders: Reaper Expand, Hellion Banshee 

Get SALT Encoding   

  12  0:00  SCV  
  13  0:13  SCV  
  14  0:17  Supply Depot  
  14  0:25  SCV  
  15  0:39  SCV  
  15  0:40  Barracks  
  16  0:43  Refinery  
  16  0:51  SCV  
  17  1:03  SCV  
  18  1:15  SCV  
  19  1:28  Orbital Command  
  19  1:29  Reaper  
  20  1:40  Command Center  
  20  1:51  Supply Depot  
  20  1:54  SCV  
  20  2:00  Marine  
  22  2:04  Factory  
  22  2:08  SCV  
  23  2:16  Engineering Bay  
  23  2:21  Barracks Reactor  
  23  2:22  SCV  
  24  2:33  Refinery  
  24  2:34  SCV  
  25  2:46  SCV  
  26  2:52  Orbital Command  
  26  2:57  Starport  
  26  2:58  SCV  
  26  3:02  Hellion  
  26  3:04  Hellion  
  31  3:05  Barracks Tech Lab  
  31  3:10  SCV  
  32  3:18  SCV  
  37  3:27  Hellion x2  
  37  3:29  SCV  
  37  3:33  Supply Depot  
  38  3:36  SCV  
  38  3:38  Marine  
  38  3:39  Cloaking Field, Banshee  
  43  3:43  SCV  
  43  3:48  SCV  
  45  3:55  SCV, Hellion x2  
  50  3:57  Supply Depot, Barracks Tech Lab  
  50  4:00  SCV  
  51  4:08  SCV  
  52  4:12  SCV  
  53  4:19  Command Center  
  53  4:23  Banshee  
  56  4:28  SCV  
  56  4:29  SCV, Supply Depot  
  58  4:36  Stimpack  
  58  4:40  Factory Reactor  
  58  4:41  SCV x2  
  58  4:42  Barracks  
  58  4:44  Barracks  
  60  4:47  Marine  
  61  4:53  SCV x2  
  63  5:04  Marine, Refinery  
  63  5:05  SCV x2, Refinery  
  66  5:16  Engineering Bay  
  66  5:17  SCV x2, Engineering Bay  
  66  5:20  Starport Reactor  
  68  5:22  Marine  
  69  5:29  SCV  
  69  5:31  SCV, Siege Tank  
  69  5:32  Orbital Command  
  69  5:33  Supply Depot  
  74  5:40  Marine  
  75  5:44  Marine x3  
  75  5:45  Marine  
  75  5:49  SCV  
  80  5:50  Orbital Command  
  80  5:51  Terran Infantry Weapons Level 1  
  80  5:52  Terran Infantry Armor Level 1  
  80  5:56  SCV  
  81  5:57  Supply Depot  
  81  5:58  Marine  
  81  6:01  Medivac  
  81  6:02  Marine x3, Medivac  
  81  6:03  Marine  
  90  6:09  SCV  
  91  6:16  Marine, Barracks  
  92  6:19  Siege Tank  
  92  6:20  Marine x2  
  92  6:21  SCV, Barracks  
  92  6:25  SCV  
  97  6:26  SCV  
  97  6:28  Marine x2  
  100  6:33  SCV, Combat Shield  
  100  6:38  Supply Depot  
  101  6:44  Marine, SCV  
  101  6:46  Marine x2  
  101  6:47  SCV  
  101  6:51  Medivac  
  101  6:52  Medivac  
  101  6:54  SCV  
  100  6:56  SCV, Supply Depot  
  100  6:59  Marine x2, SCV, Siege Tank  
  106  7:02  Marine  
  106  7:03  Barracks Reactor  
  106  7:05  Barracks Tech Lab  
  106  7:06  SCV, Supply Depot  
  108  7:09  SCV  
  108  7:10  Barracks Reactor  
  108  7:12  Armory  
  109  7:16  Supply Depot  
  109  7:18  Marine x3, SCV x2  
  109  7:21  SCV  
  115  7:22  Refinery  
  115  7:23  Marauder  
  115  7:24  Supply Depot  
  115  7:27  Marine x2  
  115  7:29  Supply Depot  
  119  7:36  Marine x3  
  116  7:40  SCV x2  
  116  7:41  SCV  
  119  7:44  Marauder  
  119  7:45  Marine x2, Supply Depot, Siege Tank  
  119  7:47  Supply Depot  
  119  7:51  Medivac x2  
  128  7:56  Marine x3  
  128  7:57  Marine x2  
  135  8:03  Marine, Marauder  
  136  8:10  Marine  
  134  8:17  Barracks  
  134  8:18  Barracks  
  134  8:19  Marine  
  135  8:23  Supply Depot, Barracks  
  135  8:25  Marauder  
  135  8:26  Marine  
  138  8:29  Medivac  
  138  8:32  Marine x2, Medivac  
  138  8:33  Marine  
  138  8:34  Marine x2  
  145  8:40  Marine  
  148  8:44  Marine  
  148  8:46  Marine  
  150  8:52  Command Center  
  150  8:53  Marine, Marauder  
  152  8:57  Marine  
  152  8:58  SCV  
  152  8:59  Marine x2  
  152  9:00  Marine  
  152  9:06  Marine  
  152  9:07  Marine x2, Marauder  
  153  9:11  Barracks Tech Lab  
Show
View Real Time Build Order
Export as new Build Order

Namshar Zerg 

Build Orders: Hatch First 

Get SALT Encoding   

  12  0:00  Drone  
  13  0:12  Overlord  
  13  0:17  Drone  
  14  0:30  Drone x2  
  16  0:47  Hatchery  
  15  0:50  Drone  
  15  0:54  Drone  
  17  0:57  Drone  
  18  1:08  Extractor  
  17  1:12  Spawning Pool  
  17  1:15  Drone  
  17  1:18  Drone  
  18  1:28  Drone  
  19  1:38  Drone  
  20  1:49  Drone  
  21  1:59  Queen x2  
  21  2:00  Zergling x4  
  27  2:18  Overlord  
  27  2:19  Drone  
  28  2:26  Spore Crawler  
  28  2:27  Metabolic Boost  
  28  2:29  Drone  
  28  2:32  Overlord  
  28  2:36  Queen  
  30  2:43  Drone  
  32  2:49  Drone  
  32  2:50  Drone x2  
  35  3:02  Drone  
  36  3:17  Queen  
  36  3:18  Queen, Overlord  
  36  3:19  Drone  
  43  3:20  Drone x3  
  43  3:28  Overlord  
  43  3:29  Drone  
  43  3:32  Hatchery  
  43  3:38  Drone x4  
  47  3:44  Roach Warren  
  46  3:50  Zergling x6  
  46  3:51  Drone  
  50  3:58  Queen  
  50  3:59  Overlord  
  52  4:05  Overlord  
  52  4:06  Overlord  
  52  4:11  Drone  
  52  4:15  Lair  
  53  4:18  Spore Crawler  
  53  4:19  Drone  
  53  4:23  Drone x4  
  57  4:29  Drone x4  
  61  4:32  Extractor  
  61  4:34  Queen  
  62  4:43  Overlord  
  62  4:45  Drone x4  
  66  4:50  Spore Crawler  
  66  4:51  Drone x3  
  68  4:55  Spore Crawler  
  68  4:59  Overlord  
  67  5:00  Drone  
  67  5:01  Roach  
  67  5:03  Roach  
  72  5:07  Roach  
  72  5:08  Roach  
  76  5:16  Overlord  
  76  5:18  Extractor  
  76  5:19  Extractor  
  76  5:20  Extractor  
  73  5:22  Roach x3  
  73  5:23  Drone x4  
  83  5:34  Drone x2  
  83  5:35  Drone x3  
  88  5:40  Drone  
  88  5:45  Drone x2  
  88  5:47  Spore Crawler  
  88  5:49  Overseer  
  87  5:52  Queen  
  90  5:57  Drone x2, Evolution Chamber  
  90  5:59  Drone x4  
  90  6:01  Drone  
  90  6:03  Glial Reconstitution  
  95  6:05  Overseer  
  95  6:09  Overlord  
  95  6:12  Drone  
  95  6:13  Baneling Nest  
  95  6:14  Roach x3, Evolution Chamber  
  100  6:23  Zerg Ground Armor Level 1, Drone  
  99  6:26  Drone  
  100  6:33  Hatchery  
  93  6:40  Ravager x2  
  93  6:41  Ravager  
  93  6:42  Drone x3  
  93  6:43  Drone  
  93  6:47  Zergling x6, Roach  
  93  6:51  Drone  
  93  6:52  Drone x3  
  99  6:58  Ravager x2  
  99  6:59  Zerg Melee Weapons Level 1  
  101  7:05  Drone x5  
  105  7:18  Overlord x2  
  105  7:19  Centrifical Hooks, Overlord x2  
  102  7:37  Hatchery  
  101  7:45  Zergling x8  
  101  7:46  Infestation Pit  
  101  7:48  Drone x3  
  101  7:49  Drone x4, Queen  
  113  7:53  Zergling x2  
  113  7:54  Zergling x2  
  113  7:56  Overseer  
  112  8:04  Queen x2  
  110  8:07  Zergling x2  
  110  8:08  Zergling x10  
  110  8:12  Zergling x8  
  118  8:15  Queen  
  118  8:18  Zergling x14  
  127  8:21  Ravager x2  
  127  8:22  Overlord  
  129  8:40  Baneling x9  
  129  8:41  Zergling x6  
  132  8:44  Baneling x6  
  132  8:45  Baneling x7  
  132  8:51  Zergling x2  
  132  8:52  Zergling x6  
  135  9:01  Zergling x2  
  135  9:02  Zergling x2  
  126  9:06  Zergling x2  
  126  9:07  Zergling x18  
  126  9:08  Ravager  
  126  9:09  Ravager x2  
  134  9:14  Zergling x8  
  134  9:15  Zergling x6  

Tags
 
Add a new tag
Caveats
  • Supply blocks, unpowered buildings, or Contaminate may cause inaccurate times.
  • Supply counts are checked every 10 seconds.